 Dungeon Crawl Stone Soup version 0.25-a0-549-g6e6e6501ad (webtiles) character file.

Game seed: 15801381974146349019, levelgen mode: deterministic

165 BeastOfSaturn the Slasher (level 5, -3/47 HPs)
             Began as a Draconian Berserker on Feb 23, 2020.
             Was a Priest of Trog.
             Succumbed to Sigmund's poison
             ... on level 3 of the Dungeon.
             The game lasted 00:05:44 (2457 turns).

BeastOfSaturn the Slasher (Draconian Berserker)     Turns: 2457, Time: 00:05:44

Health: -3/47      AC:  6    Str: 20    XL:     5   Next: 22%
Magic:  5/5        EV: 13    Int:  7    God:    Trog [***...]
Gold:   134        SH:  0    Dex: 11    Spells: 4/4 levels left

rFire    . . .     SeeInvis .   a - +0 falchion
rCold    . . .     Gourm    .   (no shield)
rNeg     . . .     Faith    .   (armour unavailable)
rPois    .         Spirit   .   (helmet restricted)
rElec    .         Reflect  .   (no cloak)
rCorr    .         Harm     .   i - +0 pair of gloves
MR       ++...                  (no boots)
Stlth    +.........             (no amulet)
HPRegen  1.15/turn              (no ring)
MPRegen  0.09/turn              (no ring)

@: lethally poisoned (-3 -> -17), berserk cooldown, stab, regenerating, slowed,
very slow
A: unfitting armour, cold-blooded, AC +5
a: Berserk, Trog's Hand, Renounce Religion


You were on level 3 of the Dungeon.
You worshipped Trog.
Trog was most pleased with you.
You were not hungry.

You visited 1 branch of the dungeon, and saw 3 of its levels.

You collected 134 gold pieces.

Inventory:

Hand Weapons
 a - a +0 falchion (weapon)
Armour
 i - a +0 pair of gloves (worn)
Jewellery
 p - an uncursed ring of stealth
Wands
 j - a wand of flame (13)
 q - a wand of scattershot (3)
 v - a wand of polymorph (12)
Scrolls
 c - a scroll of magic mapping {unknown}
 d - a scroll of amnesia
 g - 3 scrolls of remove curse
 h - a scroll of identify
 m - a scroll of immolation {unknown}
 o - a scroll of enchant armour {unknown}
 r - a scroll of enchant weapon {unknown}
 t - 3 scrolls of teleportation {unknown}
Potions
 e - a potion of haste
 f - 2 potions of stabbing
 k - a potion of degeneration {unknown}
 l - a potion of heal wounds {unknown}
 n - 2 potions of curing {unknown}
 s - a potion of brilliance {unknown}
 u - a potion of mutation {unknown}
Comestibles
 b - 5 rations


   Skills:
 * Level 4.4 Fighting
 * Level 4.9 Long Blades
 + Level 3.2 Dodging


You had 4 spell levels left.
You didn't know any spells.
Your spell library was empty.

Dungeon Overview and Level Annotations

Branches:
Dungeon (3/15)

Altars:
Gozag

Annotations:
D:3 Sigmund


Innate Abilities, Weirdness & Mutations

Your plain brown scales are hard. (AC +5)
You cannot fit into any form of body armour.
You are cold-blooded and may be slowed by cold attacks.


Message History

Sigmund flickers and vanishes!
Deactivating autopickup; reactivate with Ctrl-A.
The worm bites you!
* * * LOW HITPOINT WARNING * * *
You can move again.
Your skin crawls.
You feel resistant to hostile enchantments.
You feel quite a bit more hungry.
You feel very sick. Something hits you.
* * * LOW HITPOINT WARNING * * *
You are more poisoned.
The worm barely misses you.
* * * LOW HITPOINT WARNING * * *
You feel very sick. Something hits you.
* * * LOW HITPOINT WARNING * * *
It was a potion of stabbing.
You feel ready to backstab.
You die...

##########..#..#.
#..........###.#.
#.......... #.#.
#.......... #.##
##. #.......(..
#..#
....###.........
##.#
...........#...
#.. #.w{# #..#
###. #@#.###..#
###...
#....#...#..#
#...#.
##..####.#..#
##.##.. #..
#.#..###..#...
#..
#...........#.
#..
###.#...#.###.
... #.......# #.
#..# #....#..# ##
##..#...## #.


You could see a worm.

Vanquished Creatures
  A hound (D:2)
  6 adders
  A worm (D:2)
  2 dart slugs
  A leopard gecko (D:1)
  11 bats
  4 giant cockroaches
  9 goblins
  8 hobgoblins
  4 jackals (D:1)
  A quokka (D:3)
  3 frilled lizards (D:2)
  14 kobolds
  7 rats
72 creatures vanquished.

Notes
Turn   | Place    | Note
-------+----------+-------------------------------------------
     0 | D:1      | BeastOfSaturn the Draconian Berserker began the quest for
                  | the Orb.
     0 | D:1      | Reached XP level 1. HP: 19/19 MP: 1/1
    47 | D:1      | Reached XP level 2. HP: 20/26 MP: 2/2
   472 | D:1      | Reached XP level 3. HP: 32/33 MP: 3/3
   473 | D:1      | Reached ** piety under Trog
  1204 | D:2      | Reached XP level 4. HP: 27/40 MP: 4/4
  1647 | D:2      | Found an opulent altar of Gozag.
  2001 | D:2      | Reached *** piety under Trog
  2009 | D:2      | Reached XP level 5. HP: 44/47 MP: 5/5
  2440 | D:3      | Noticed Sigmund
  2456 | D:3      | HP: 1/47 [something (3)]
  2457 | D:3      | Succumbed to Sigmund's poison

Levels and vault maps discovered:
D:1:      dpeg_arrival_windows_large_door, layout_loops_ring
D:2:      layout_loops_ring, nicolae_gozag_seed_capital, first_ration,
          minmay_increasing_density
D:3:      corexii_shack_village, layout_rooms, uniq_sigmund

Skill      XL: |  1  2  3 |
---------------+----------+-----
Dodging        | 3 |  3.2
Fighting       | 4 |  4.4
Long Blades    | 4 |  4.9

Action                   |  1- 3 |  4- 6 || total
-------------------------+-------+-------++-------
Melee: Falchion          |    96 |    89 ||   185
       Tailslap          |    14 |    15 ||    29
Invok: Berserk           |     1 |     1 ||     2
       Trog's Hand       |       |     1 ||     1
  Use: Scroll            |       |     3 ||     3
       Potion            |       |     1 ||     1
 Stab: Sleeping          |       |     4 ||     4
  Eat: Chunk             |     2 |     2 ||     4
       Ration            |       |     1 ||     1
Armor: Skin              |    35 |    21 ||    56
Dodge: Dodged            |    99 |    57 ||   156
       Rpst.: Falchion   |    35 |    15 ||    50

Table legend:
 A = Non-vault XP
 B = Vault XP
 C = Vault XP percentage of total XP
 D = Non-vault monster count
 E = Vault monster count
 F = Vault count percentage of total count
                 A         B        C        D         E       F
            +---------+---------+-------+---------+---------+-------
      Total |     155 |      82 |  34.6 |      61 |      11 |  15.3
            +---------+---------+-------+---------+---------+-------
        D:1 |      52 |       0 |   0.0 |      28 |       0 |   0.0
        D:2 |      81 |      79 |  49.4 |      26 |       9 |  25.7
        D:3 |      22 |       3 |  12.0 |       7 |       2 |  22.2
            +---------+---------+-------+---------+---------+-------
